 Dungeon Crawl Stone Soup version 0.25-a0-280-gfa4545f159 (webtiles) character file.

Game seed: 1606869390192174969, levelgen mode: deterministic

527 MisterFreud the Chiller (level 7, -2/54 HPs)
             Began as a Human Wanderer on Dec 10, 2019.
             Slain by a black bear (9 damage)
             ... on level 7 of the Dungeon.
             The game lasted 00:11:37 (5555 turns).

MisterFreud the Chiller (Human Wanderer)            Turns: 5555, Time: 00:11:37

Health: -2/54      AC: 10    Str: 12    XL:     7   Next: 47%
Magic:  11/11      EV: 11    Int: 15    God:
Gold:   276        SH:  0    Dex: 15    Spells: 6/12 levels left

rFire    . . .     SeeInvis .   r - +3 quarterstaff (chaos)
rCold    + . .     Gourm    .   (shield currently unavailable)
rNeg     . . .     Faith    .   d - +0 robe
rPois    +         Spirit   .   i - +0 helmet
rElec    .         Reflect  .   s - +2 cloak
rCorr    .         Harm     .   k - +2 pair of gloves {Dex+3}
MR       .....                  x - +0 pair of boots
Stlth    ++........             G - amulet of magic regeneration
HPRegen  0.18/turn              H - ring of protection from cold
MPRegen  0.37/turn              w - ring of poison resistance

@: no status effects
A: no striking features
a: no special abilities


You were on level 7 of the Dungeon.
You were not hungry.

You visited 1 branch of the dungeon, and saw 7 of its levels.

You collected 276 gold pieces.

Inventory:

Hand Weapons
 a - a +0 club
 f - a +0 dagger
 r - a +3 quarterstaff of chaos (weapon)
Missiles
 c - 323 stones (quivered)
 h - 50 arrows
 u - 16 poisoned darts
 v - 18 sling bullets
 y - 7 javelins
 z - 4 boomerangs
 B - a throwing net
 C - 2 atropa-tipped darts
 F - 39 bolts
Armour
 d - a +0 robe (worn)
 i - a +0 helmet (worn)
 k - a +2 pair of gloves of dexterity (worn)
 s - a +2 cloak (worn)
 x - a +0 pair of boots (worn)
Jewellery
 w - a ring of poison resistance (right hand)
 D - an uncursed amulet of rage
 E - an uncursed ring of stealth
 G - an amulet of magic regeneration (around neck)
 H - a ring of protection from cold (left hand)
Wands
 I - a wand of flame (18)
Scrolls
 b - 4 scrolls of remove curse
 j - 3 scrolls of teleportation
 o - a scroll of enchant armour
 A - 3 scrolls of identify
Potions
 e - 3 potions of haste
 l - 3 potions of flight
 m - 3 potions of agility
 n - 2 potions of degeneration {unknown}
 p - 6 potions of curing
 q - 2 potions of heal wounds {unknown}
 t - a potion of brilliance
Comestibles
 g - 16 rations


   Skills:
 - Level 4.0 Fighting
 - Level 1.0 Throwing
 - Level 2.0 Stealth
 - Level 3.0 Spellcasting
 + Level 0.0 Charms
 - Level 3.0 Transmutations
 - Level 5.5 Ice Magic


You had 6 spell levels left.
You knew the following spells:

 Your Spells              Type           Power        Failure   Level  Hunger
a - Freeze                Ice            ###.         1%          1    #......
b - Ozocubu's Armour      Chrm/Ice       ##......     19%         3    ###....
c - Sticks to Snakes      Tmut           ##......     9%          2    ##.....

Your spell library contained the following spells:

 Spells                   Type           Power        Failure   Level  Hunger
 Beastly Appendage        Tmut           ##....       5%          1    #......
 Magic Dart               Conj           #...         21%         1    #......
 Sandblast                Erth           #.....       21%         1    #......
 Blink                    Tloc           N/A          30%         2    ##.....
 Call Imp                 Summ           #.......     30%         2    ##.....
 Slow                     Hex            #.......     30%         2    ##.....
 Spider Form              Tmut/Pois      #.........   32%         3    ###....
 Ice Form                 Ice/Tmut       ###.....     32%         4    #####..
 Conjure Flame            Conj/Fire      #.......     52%         3    ###....
 Mephitic Cloud           Conj/Pois/Air  #.......     52%         3    ###....
 Stone Arrow              Conj/Erth      #.....       52%         3    ###....
 Blade Hands              Tmut           ##........   83%         5    ######.


Dungeon Overview and Level Annotations

Branches:
Dungeon (7/15)             Temple (0/1) D:4

Altars:
Elyvilon
Ru
Uskayaw
Xom

Annotations:
D:4 Grinder


Message History

The black bear is moderately wounded.
The black bear completely misses you.
The black bear claws you but does no damage. x2
You hit the black bear.
The black bear flickers and vanishes!
Deactivating autopickup; reactivate with Ctrl-A.
Something bites you. Something claws you.
* * * LOW HITPOINT WARNING * * *
Something claws you but does no damage.
You hit something. You freeze something. Something bites you.
* * * LOW HITPOINT WARNING * * *
Something claws you but does no damage. Something claws you.
* * * LOW HITPOINT WARNING * * *
Unknown command.
Found a robe.
You hear an angry growl.
Something bites you!
* * * LOW HITPOINT WARNING * * *
Something claws you but does no damage. x2
It was a potion of curing.
You feel better. Something bites you!
You die...

###########
..........#
.......[..#
.......@..+
###...##{.#
######..###
#....<....+
#...>.....#
#.........#
#.........#
#.........#
###########


There were no monsters in sight!

Vanquished Creatures
  Menkaure (D:6)
  A centaur (D:5)
  A bullfrog (D:5)
  A scorpion (D:4)
  Crazy Yiuf (D:2)
  An iguana (D:3)
  A worker ant (D:4)
  2 adders
  An adder skeleton (D:4)
  2 worms
  3 dart slugs
  3 leopard geckos
  10 orcs
  13 bats
  5 giant cockroaches
  11 goblins
  12 hobgoblins
  A jackal (D:2)
  A quokka (D:3)
  2 ball pythons
  6 frilled lizards
  A jackal skeleton (D:5)
  9 kobolds
  6 rats
95 creatures vanquished.

Vanquished Creatures (others)
  A rat (D:2)
  A plant (D:1)
2 creatures vanquished.

Grand Total: 97 creatures vanquished

Notes
Turn   | Place    | Note
-------+----------+-------------------------------------------
     0 | D:1      | MisterFreud the Human Wanderer began the quest for the Orb.
     0 | D:1      | MisterFreud set off with the following items: a +0 club, a
                  | +0 robe, a +0 dagger, a ration; and the following spells
                  | available to memorise: Freeze, Beastly Appendage,
                  | Sandblast, Sticks to Snakes, Ozocubu's Armour, Spider Form,
                  | Stone Arrow, Ice Form, Blade Hands
     0 | D:1      | Reached XP level 1. HP: 16/16 MP: 2/2
   320 | D:1      | Reached XP level 2. HP: 12/22 MP: 4/4
   618 | D:1      | Learned a level 1 spell: Freeze
   765 | D:1      | Reached XP level 3. HP: 3/27 MP: 3/6
  1704 | D:2      | Learned a level 3 spell: Ozocubu's Armour
  1729 | D:2      | Found a runed translucent door.
  1730 | D:2      | Noticed Crazy Yiuf
  1797 | D:2      | HP: 1/27 [hobgoblin/+0 club (1)]
  1803 | D:2      | Reached XP level 4. HP: 2/33 MP: 4/8
  1811 | D:2      | HP: 2/49 [kobold/+0 short sword (1)]
  2160 | D:2      | Learned a level 2 spell: Sticks to Snakes
  2622 | D:2      | Found a white marble altar of Elyvilon.
  3178 | D:2      | Killed Crazy Yiuf
  3178 | D:2      | Reached XP level 5. HP: 15/39 MP: 9/9
  4055 | D:4      | Reached XP level 6. HP: 43/47 MP: 10/10
  4120 | D:4      | Reached skill level 4 in Ice Magic
  4211 | D:4      | Noticed Grinder
  4219 | D:4      | Noticed Grinder
  4219 | D:4      | Grinder changed into Grinder the hellwing
  4235 | D:5      | Entered Level 5 of the Dungeon
  4550 | D:5      | Found a shimmering altar of Xom.
  4589 | D:5      | Reached XP level 7. HP: 39/54 MP: 11/11
  4654 | D:5      | Found a sacrificial altar of Ru.
  4796 | D:5      | Found a hide-covered altar of Uskayaw.
  4870 | D:4      | Found a staircase to the Ecumenical Temple.
  5516 | D:6      | Noticed Menkaure
  5528 | D:6      | Killed Menkaure
  5528 | D:6      | Reached skill level 5 in Ice Magic
  5553 | D:7      | HP: 1/54 [something (9)]
  5555 | D:7      | Slain by a black bear

Levels and vault maps discovered:
D:1:      dpeg_arrival_signposts, layout_basic, serial_bayou_lagoon_a,
          chequers_serial_rivers_room_a, minmay_tall_x
D:2:      layout_basic, elyvilon_altar_3, uniq_crazy_yiuf_cottage
D:3:      layout_basic, first_ration
D:4:      wander_river, layout_rooms, lemuel_coloured_pillars_altar,
          kennysheep_little_box, minmay_temple_entry_glassed_door,
          minmay_splitting_lines, minmay_misc_feat_room, kennysheep_doodads,
          uniq_grinder
D:5:      layout_loops_ring, nicolae_ru_sacrificial_ziggurat,
          nicolae_overflow_hidden_temple, old_standard_altar, chequers_arboretum
D:6:      layout_loops_ring, overflow_temple_1_default,
          overflow_temple_1_default, kennysheep_mini,
          nicolae_ossuary_entry_catacombs, cheibrodos_worm_habitat,
          uniq_eustachio, uniq_menkaure
D:7:      layout_gridville, vehumet_altar_wand_db, uniq_prince_ribbit1

Skill      XL: |  1  2  3  4  5  6  7 |
---------------+----------------------+-----
Spellcasting   | 2 3 |  3.0
Transmutations | 2 3 |  3.0
Fighting       | 3 4 |  4.0
Ice Magic      | 4 5 |  5.5
Throwing       | |  1.0
Stealth        | |  2.0

Action                   |  1- 3 |  4- 6 |  7- 9 || total
-------------------------+-------+-------+-------++-------
Melee: Dagger            |   192 |    82 |       ||   274
       Quarterstaff      |       |    98 |    33 ||   131
Throw: Dart              |       |     1 |       ||     1
 Cast: Freeze            |     6 |    14 |       ||    20
  Use: Potion            |     5 |       |     1 ||     6
       Scroll            |     6 |     2 |     1 ||     9
 Stab: Invisible         |     2 |     1 |       ||     3
       Sleeping          |     1 |     7 |     1 ||     9
       Petrified         |       |       |     4 ||     4
       Petrifying        |       |       |     1 ||     1
  Eat: Chunk             |     3 |     9 |     1 ||    13
       Ration            |       |       |     1 ||     1
Armor: Robe              |    76 |    79 |    12 ||   167
       Skin              |     2 |     3 |       ||     5
Dodge: Dodged            |   142 |   125 |    26 ||   293

Table legend:
 A = Non-vault XP
 B = Vault XP
 C = Vault XP percentage of total XP
 D = Non-vault monster count
 E = Vault monster count
 F = Vault count percentage of total count
                 A         B        C        D         E       F
            +---------+---------+-------+---------+---------+-------
      Total |     538 |     216 |  28.6 |      89 |       6 |   6.3
            +---------+---------+-------+---------+---------+-------
        D:1 |      41 |       6 |  12.8 |      24 |       4 |  14.3
        D:2 |      58 |      41 |  41.4 |      25 |       1 |   3.8
        D:3 |     101 |       0 |   0.0 |      26 |       0 |   0.0
        D:4 |     115 |       0 |   0.0 |       5 |       0 |   0.0
        D:5 |     223 |       0 |   0.0 |       9 |       0 |   0.0
        D:6 |       0 |     169 | 100.0 |       0 |       1 | 100.0
            +---------+---------+-------+---------+---------+-------
